 Dungeon Crawl Stone Soup version 0.30-a0-772-g5528072125 (webtiles) character file.

Game seed: 14062296759632084430

117 timneilson the Covered (level 5, 0/32 HPs)
             Began as a Gargoyle Fighter on Feb 9, 2023.
             Slain by a giant cockroach (1 damage)
             ... on level 3 of the Dungeon on Feb 13, 2023.
             The game lasted 00:03:57 (1676 turns).

timneilson the Covered (Gargoyle Fighter)           Turns: 1676, Time: 00:03:57

Health: 0/32       AC: 17    Str: 20    XL:     5   Next: 1%
Magic:  5/5        EV:  5    Int:  8    God:
Gold:   135        SH:  4    Dex: 11    Spells: 4/4 levels left

rFire   . . .      SeeInvis .    a - +1 long sword
rCold   . . .      Faith    .    c - +0 buckler
rNeg    + . .      Spirit   .    e - +0 plate armour
rPois   ∞          Reflect  .    (no helmet)
rElec   +          Harm     .    i - +0 cloak
rCorr   .          Rampage  .    (no gloves)
Will    .....                    (no boots) Stlth
                                 (no amulet)
HPRegen 0.25/turn                (no ring)
MPRegen 0.09/turn                (no ring)

@: no status effects
A: sickness immunity, AC +4, negative energy resistance 1, electricity
resistance, torment resistance 1, petrification resistance
a: no special abilities


You were on level 3 of the Dungeon.
You visited 1 branch of the dungeon, and saw 3 of its levels.

You collected 135 gold pieces.

Inventory:

Hand Weapons
 a - a +1 long sword (weapon)
Armour
 c - a +0 buckler (worn)
 e - a +0 plate armour (worn)
 i - a +0 cloak (worn)
Jewellery
 h - a ring of ice
Scrolls
 b - a scroll of amnesia {unknown}
 f - 2 scrolls of identify
Potions
 d - a potion of might
 g - a potion of ambrosia {unknown}


   Skills:
 + Level 3.6 Fighting
 * Level 2.8 Long Blades
 * Level 4.2 Armour
 + Level 0.9 Dodging
 * Level 4.1 Shields


You had 4 spell levels left.
You didn't know any spells.
Your spell library contained the following spells:

 Spells                   Type           Power      Damage    Failure   Level
 Magic Dart               Conj           0%         1d3       100%        1
 Call Imp                 Summ           0%         N/A       100%        2
 Mephitic Cloud           Conj/Pois/Air  0%         N/A       100%        3


Dungeon Overview and Level Annotations

Branches:
Dungeon (3/15)

Altars:


Innate Abilities, Weirdness & Mutations

You are immune to sickness and miasma.
Your stone body is resilient. (AC +4)
You are immune to poison.
You resist negative energy. (rN+)
You are resistant to electric shocks. (rElec)
You are resistant to unholy torment.
You are immune to petrification.


Message History

The rat bites you but does no damage.
You have reached level 5!
You hit the giant cockroach.
The giant cockroach is severely wounded.
The giant cockroach bites you but does no damage. x2
The hobgoblin hits you but does no damage.
The hobgoblin hits you.
* * * LOW HITPOINT WARNING * * *
A frilled lizard comes into view.
The rat barely misses you.
The giant cockroach bites you but does no damage.
You completely miss the giant cockroach.
The giant cockroach is severely wounded.
The frilled lizard hisses angrily.
The giant cockroach bites you but does no damage. x2
The hobgoblin barely misses you. x2; You block the rat's attack.
The giant cockroach bites you but does no damage.
You completely miss the giant cockroach.
The giant cockroach is severely wounded.
The giant cockroach bites you but does no damage.
The hobgoblin hits you but does no damage. x2
You block the rat's attack.
The giant cockroach bites you but does no damage. x2
You block the hobgoblin's attack. x2; The giant cockroach bites you.
* * * LOW HITPOINT WARNING * * *
The rat bites you but does no damage.
You hit the giant cockroach.
The giant cockroach is almost dead.
The giant cockroach bites you but does no damage. x2
The hobgoblin hits you but does no damage. x2
The rat closely misses you.
The giant cockroach bites you but does no damage.
You closely miss the giant cockroach.
The giant cockroach is almost dead.
The giant cockroach bites you but does no damage. x2
The hobgoblin hits you.
* * * LOW HITPOINT WARNING * * *
The hobgoblin barely misses you. The rat bites you but does no damage.
The giant cockroach bites you.
You die...

............#
..........#.#
..........#.# ##
.#.#..#####.# ..#
.#.#..#####.# ...##
..........#.## ####.....
.............###........
.)##..###.#....grB......
..##..###.#....g@Bl.....
.............######.....
.).....##.#..# ....
.....#.......# .#
#.##...##.#..#
#.........#...
#####.#####... .# .#


You could see 2 giant cockroaches, 2 hobgoblins, a frilled lizard and a rat.

Vanquished Creatures
  A hound (D:3)
  A gnoll (D:1)
  2 adders (D:2)
  A worm (D:2)
  A dart slug (D:2)
  An orc (D:3)
  2 bats (D:1)
  8 endoplasms
  2 giant cockroaches (D:1)
  3 goblins
  9 hobgoblins
  3 jackals (D:1)
  4 kobolds
  A quokka (D:3)
  4 ball pythons
  4 frilled lizards
  6 rats (D:1)
53 creatures vanquished.

Notes
Turn   | Place    | Note
-------+----------+-------------------------------------------
     0 | D:1      | timneilson the Gargoyle Fighter began the quest for the
                  | Orb.
     0 | D:1      | Reached XP level 1. HP: 14/14 MP: 1/1
    58 | D:1      | Reached XP level 2. HP: 18/19 MP: 2/2
   243 | D:1      | Reached XP level 3. HP: 23/23 MP: 3/3
   253 | D:1      | Found a faded altar of an unknown god.
   265 | D:1      | Upgraded the game from 0.30-a0-748-ge6a52f7cba to
                  | 0.30-a0-772-g5528072125
  1050 | D:2      | Reached XP level 4. HP: 28/28 MP: 4/4
  1672 | D:3      | Reached XP level 5. HP: 4/32 MP: 5/5
  1676 | D:3      | HP: 1/32 [hobgoblin (2)]
  1676 | D:3      | Slain by a giant cockroach

Illustrated notes

Levels and vault maps discovered:
D:1:      heliophobic_arrival_ceremonial_halls, layout_loops_ring,
          dreamdust_ecumenical_altar_hidden_monk_grotto
D:2:      layout_loops_ring
D:3:      layout_loops_ring, minmay_liquid_box

Skill      XL: |  1  2  3  4 |
---------------+-------------+-----
Long Blades    | 2 |  2.8
Armour         | 4 |  4.2
Shields        | 4 |  4.1
Fighting       | |  3.6
Dodging        | |  0.9

Action                     |  1- 3 |  4- 6 || total
---------------------------+-------+-------++-------
  Melee: Long sword        |   121 |    81 ||   202
    Use: Scroll            |     2 |     2 ||     4
 Armour: Scale mail        |    18 |       ||    18
         Plate armour      |    70 |   134 ||   204
  Dodge: Dodged            |    29 |    33 ||    62
  Block: Buckler           |    24 |    27 ||    51

Table legend: (Time is in decaauts)
 A = Elapsed time spent in this place.
 B = Non-inter-level travel time spent in this place.
 C = Inter-level travel time spent in this place.
 D = Time resting spent in this place.
 E = Time spent auto-exploring this place.
 F = Levels seen in this place.
 G = Mean time per level.
                   A        B        C        D        E       F      G
               +--------+--------+--------+--------+--------+-----+--------+
         Total |   1738 |   1703 |     35 |      0 |   1204 |   3 |  579.3 |
       Dungeon |   1738 |   1703 |     35 |      0 |   1204 |   3 |  579.3 |
               +--------+--------+--------+--------+--------+-----+--------+

Top non-repeatable levels by time:
     D:1: 871 daAuts
     D:2: 684 daAuts
     D:3: 182 daAuts
